Gangsters vs Sewer Rats
(R1)
Created - 29 septembre 2014 at 19:09
Goals
|
| Gangsters |
1 |
2 |
1 |
0 |
4 |
| Sewer Rats |
0 |
3 |
1 |
1 |
5 |
|
Shots
|
| Gangsters |
11 |
8 |
11 |
0 |
30 |
| Sewer Rats |
17 |
13 |
11 |
1 |
42 |
|
1st period
1. Gangsters , Ryan Keller 3 (Igor Radulov, Shaun Heska) at 14:21 (PP)
Penalties :
Mattias Ekholm (Tol) for Holding (Minor) at 12:34, John-Michael Liles (Tol) for Hooking (Minor) at 18:39
2nd period
2. Sewer Rats , Nick Palmieri 2 (Kyle Turris, Max Pacioretty) at 1:25
3. Gangsters , Alexandre Bolduc 2 (Ryan Keller, Igor Radulov) at 1:39
4. Sewer Rats , Steven Reinprecht 1 (Tim Ramholt, Max Pacioretty) at 11:37 (PP)
5. Sewer Rats , Evan Brophey 1 (John-Michael Liles, Jordan Caron) at 15:54
6. Gangsters , Artem Anisimov 1 (Ville Koistinen, Bryan Young) at 17:55
Penalties :
Ben Holmstrom (Bro) for Slashing (Minor) at 5:34, Steven Reinprecht (Tol) for Tripping (Minor) at 5:55, Jordan Caron (Tol) for Hooking (Minor) at 8:21, Michael Sdao (Bro) for Interference (Minor) at 11:15, Kyle Turris (Tol) for Interference (Minor) at 12:28, Vojtech Polak (Tol) for Tripping (Minor) at 19:11
3rd period
7. Gangsters , Igor Radulov 6 (Ville Koistinen, Ryan Keller) at 0:14 (PP)
8. Sewer Rats , Vojtech Polak 1 (Steven Reinprecht, Kyle Quincey) at 18:10
Penalties :
Chris Bourque (Bro) for Holding (Minor) at 3:49, Jaroslav Balastik (Bro) for Roughing (Minor) at 4:08, Maxime Sauvé (Bro) for Goalie Interference (Minor) at 7:02, Matt Delahey (Bro) for Hooking (Minor) at 12:40
Overtime #1
9. Sewer Rats , John Erskine 1 (Ville Leino, John-Michael Liles) at 0:10
Penalties :
No Penalty
Goalie Stats
David LeNeveu (Bro), 37 saves from 42 shots - (0,881), OTL, 1-0-2, 60:10 minutes
Semyon Varlamov (Tol), 26 saves from 30 shots - (0,867), W, 2-1-0, 60:10 minutes
Players Stats for Gangsters
Player Name G A P +/- PIM S H SB GA TA FO MP PP MP PK MP
------------------------------------------------------------------------------------
Alexandre Bolduc 1 0 1 -1 0 3 0 1 1 1 10/26 19:02 4:52 0:54
Artem Anisimov 1 0 1 0 0 2 0 0 0 0 6/11 15:08 4:01 0:00
Ben Holmstrom 0 0 0 0 2 0 1 0 1 2 1/2 9:14 0:10 1:25
Brett Ponich 0 0 0 -1 0 0 0 1 0 0 0/0 13:03 0:00 1:05
Bryan Young 0 1 1 -1 0 1 2 1 0 0 0/0 29:04 6:01 3:58
Chris Bourque 0 0 0 0 2 0 2 0 0 1 0/1 12:25 0:00 1:55
Dave Dziurzynski 0 0 0 0 0 1 0 1 0 0 0/0 8:07 0:00 0:27
Igor Radulov 1 2 3 -2 0 5 2 1 0 4 4/9 23:08 4:56 3:51
Jaroslav Balastik 0 0 0 -1 2 9 0 0 0 0 0/0 19:17 4:11 2:56
Matt Delahey 0 0 0 0 2 0 3 2 0 0 0/0 18:23 3:07 1:40
Maxime Sauvé 0 0 0 0 2 0 3 0 0 0 4/8 10:29 0:00 0:00
Michael Sdao 0 0 0 -1 2 0 0 0 0 0 0/0 11:10 0:00 0:16
Mikko Lehtonen 0 0 0 0 0 0 1 0 1 0 0/0 10:52 0:16 0:00
Richard Panik 0 0 0 0 0 0 0 0 0 0 0/0 6:46 0:00 0:00
Ryan Jones 0 0 0 0 0 3 2 0 1 0 1/3 15:08 4:01 0:00
Ryan Keller 1 2 3 -1 0 3 2 0 0 0 1/2 19:29 4:57 0:49
Shaun Heska 0 1 1 0 0 0 0 1 0 2 0/0 18:47 3:07 2:34
Ville Koistinen 0 2 2 -1 0 3 2 5 0 1 0/0 30:45 6:01 4:25
Players Stats for Sewer Rats
Player Name G A P +/- PIM S H SB GA TA FO MP PP MP PK MP
------------------------------------------------------------------------------------
Derek Dorsett 0 0 0 0 0 1 0 0 1 0 0/0 10:06 0:09 0:00
Evan Brophey 1 0 1 1 0 2 0 0 0 0 1/3 8:26 0:00 0:21
John Erskine 1 0 1 1 0 1 0 1 1 0 0/0 15:09 0:10 5:11
John-Michael Liles 0 2 2 2 2 2 2 2 1 0 0/0 25:25 4:07 3:02
Jonathan Paiement 0 0 0 0 0 2 0 0 0 0 0/0 7:03 0:10 1:01
Jordan Caron 0 1 1 1 2 1 0 0 1 0 0/0 8:16 0:00 0:00
Kyle Quincey 0 1 1 0 0 0 1 1 0 0 0/0 15:29 2:42 0:00
Kyle Turris 0 1 1 0 2 2 4 0 0 0 9/17 17:10 2:42 0:59
Lars Eller 0 0 0 0 0 4 1 0 1 0 5/11 14:12 0:00 2:32
Mark Mancari 0 0 0 0 0 2 0 1 0 0 0/0 13:56 2:42 0:00
Matt Lashoff 0 0 0 0 0 2 0 2 0 0 0/0 17:13 0:00 3:42
Mattias Ekholm 0 0 0 0 2 1 0 0 0 0 0/0 4:00 0:00 0:00
Max Pacioretty 0 2 2 1 0 7 3 0 1 0 3/6 19:08 4:08 0:52
Nick Palmieri 1 0 1 0 0 3 1 0 2 1 1/2 17:06 4:14 0:00
Patrick Bordeleau 0 0 0 1 0 1 1 0 0 0 0/1 8:20 0:00 0:12
Steven Kampfer 0 0 0 0 0 0 0 0 0 1 0/0 10:05 2:42 0:00
Steven Reinprecht 1 1 2 0 2 2 1 0 1 0 15/21 18:41 4:07 5:15
Tim Ramholt 0 1 1 1 0 4 1 3 1 2 0/0 26:19 4:07 5:20
Ville Leino 0 1 1 1 0 3 0 1 1 0 1/1 20:19 2:42 5:32
Vojtech Polak 1 0 1 0 2 2 2 0 0 0 0/0 13:25 0:12 2:33
3 Stars
1 - Ryan Keller (Bro)
2 - Igor Radulov (Bro)
3 - Max Pacioretty (Tol)
Power Play
Gangsters - 2 on 6 Attempt(s) - 33,33%
Sewer Rats - 1 on 6 Attempt(s) - 16,67%
Penalty Kill
Gangsters - 5 on 6 Attempt(s) - 83,33%
- Score 0 goal in Penalty Kill
Sewer Rats - 4 on 6 Attempt(s) - 66,67%
- Score 0 goal in Penalty Kill
Official
Referees : VanMassenhoven Don and O'Rourke Dan
Linesman : Tim Nowak and Shane Heyer
Game Notes
Brett Ponich is injured at 17:31 of 3rd period (Bruised Left Arm)
Finance
Level 1 -- Attendance: 1541 (77,05%) -- Ticket Income 46 230 $
Level 2 -- Attendance: 785 (78,50%) -- Ticket Income 9 420 $
Total Attendance: 2326 (77,53%)
Total Ticket Income: 55 650 $
Other Income: 2 782 $
Total Income: 58 432 $
Gangsters
5 vs 5 Forward
Center Left Wing Right Wing Time % Phy DF OF
1 Alexandre Bolduc Igor Radulov Ryan Keller 40 1 2 2
2 Artem Anisimov Jaroslav Balastik Ryan Jones 30 1 2 2
3 Maxime Sauvé Chris Bourque Mikko Lehtonen 20 1 2 2
4 Ben Holmstrom Dave Dziurzynski Richard Panik 10 1 2 2
5 vs 5 Defense
Defense Defense Time % Phy DF OF
1 Ville Koistinen Bryan Young 40 1 2 2
2 Shaun Heska Matt Delahey 30 1 2 2
3 Michael Sdao Brett Ponich 20 1 2 2
4 Ville Koistinen Bryan Young 10 1 2 2
PowerPlay Forward
Center Left Wing Right Wing Time % Phy DF OF
1 Alexandre Bolduc Igor Radulov Ryan Keller 60 1 2 2
2 Artem Anisimov Jaroslav Balastik Ryan Jones 40 1 2 2
PowerPlay Defense
Defense Defense Time % Phy DF OF
1 Ville Koistinen Bryan Young 60 1 2 2
2 Shaun Heska Matt Delahey 40 1 2 2
Penalty Kill 4 Players Forward
Center Wing Time % Phy DF OF
1 Igor Radulov Jaroslav Balastik 60 1 2 2
2 Ryan Keller Chris Bourque 40 1 2 2
Penalty Kill 4 Players Defense
Defense Defense Time % Phy DF OF
1 Ville Koistinen Bryan Young 60 1 2 2
2 Shaun Heska Matt Delahey 40 1 2 2
Penalty Kill - 3 Players Forward
Forward Time % Phy DF OF
1 Igor Radulov 60 1 2 2
2 Jaroslav Balastik 40 1 2 2
Penalty Kill - 3 Players Defense
Defense Defense Time % Phy DF OF
1 Ville Koistinen Bryan Young 60 1 2 2
2 Shaun Heska Matt Delahey 40 1 2 2
4 vs 4 Forward
Center Wing Time % Phy DF OF
1 Igor Radulov Jaroslav Balastik 60 1 2 2
2 Ryan Keller Chris Bourque 40 1 2 2
4 vs 4 Defense
Defense Defense Time % Phy DF OF
1 Ville Koistinen Bryan Young 60 1 2 2
2 Shaun Heska Matt Delahey 40 1 2 2
Last Minutes Offensive
Center Left Wing Right Wing Defense Defense
Alexandre Bolduc Igor Radulov Ryan Keller Ville Koistinen Bryan Young
Last Minutes Defensive
Center Left Wing Right Wing Defense Defense
Alexandre Bolduc Igor Radulov Ryan Keller Ville Koistinen Bryan Young
Goaltenders
Starting : David LeNeveu
Backup : Dustin Tokarski
Extra Forwards
Normal : Mikko Lehtonen, Maxime Sauvé, Ben Holmstrom - PP : Mikko Lehtonen, Maxime Sauvé - PK : Ben Holmstrom
Extra Defensemen
Normal : Michael Sdao, Brett Ponich, Shaun Heska - PP : Michael Sdao - PK : Brett Ponich, Shaun Heska
Penalty Shots
Igor Radulov, Jaroslav Balastik, Ryan Keller, Chris Bourque, Alexandre Bolduc
Sewer Rats
5 vs 5 Forward
Center Left Wing Right Wing Time % Phy DF OF
1 Kyle Turris Max Pacioretty Nick Palmieri 40 1 2 2
2 Lars Eller Ville Leino Mark Mancari 30 1 2 2
3 Steven Reinprecht Vojtech Polak Derek Dorsett 20 1 2 2
4 Evan Brophey Patrick Bordeleau Jordan Caron 10 1 2 2
5 vs 5 Defense
Defense Defense Time % Phy DF OF
1 John-Michael Liles Tim Ramholt 40 1 2 2
2 Matt Lashoff Kyle Quincey 30 1 2 2
3 Steven Kampfer John Erskine 20 1 2 2
4 Jonathan Paiement Mattias Ekholm 10 1 2 2
PowerPlay Forward
Center Left Wing Right Wing Time % Phy DF OF
1 Steven Reinprecht Max Pacioretty Nick Palmieri 60 1 2 2
2 Kyle Turris Ville Leino Mark Mancari 40 1 2 2
PowerPlay Defense
Defense Defense Time % Phy DF OF
1 John-Michael Liles Tim Ramholt 60 1 2 2
2 Steven Kampfer Kyle Quincey 40 1 2 2
Penalty Kill 4 Players Forward
Center Wing Time % Phy DF OF
1 Steven Reinprecht Ville Leino 60 1 2 2
2 Lars Eller Vojtech Polak 40 1 2 2
Penalty Kill 4 Players Defense
Defense Defense Time % Phy DF OF
1 Tim Ramholt John Erskine 60 1 2 2
2 Matt Lashoff John-Michael Liles 40 1 2 2
Penalty Kill - 3 Players Forward
Forward Time % Phy DF OF
1 Max Pacioretty 60 1 2 2
2 Ville Leino 40 1 2 2
Penalty Kill - 3 Players Defense
Defense Defense Time % Phy DF OF
1 Tim Ramholt John Erskine 60 1 2 2
2 Matt Lashoff John-Michael Liles 40 1 2 2
4 vs 4 Forward
Center Wing Time % Phy DF OF
1 Max Pacioretty Ville Leino 60 1 2 2
2 Steven Reinprecht Mark Mancari 40 1 2 2
4 vs 4 Defense
Defense Defense Time % Phy DF OF
1 John-Michael Liles John Erskine 60 1 2 2
2 Matt Lashoff Kyle Quincey 40 1 2 2
Last Minutes Offensive
Center Left Wing Right Wing Defense Defense
Steven Reinprecht Max Pacioretty Mark Mancari John-Michael Liles Tim Ramholt
Last Minutes Defensive
Center Left Wing Right Wing Defense Defense
Kyle Turris Max Pacioretty Nick Palmieri Tim Ramholt John Erskine
Goaltenders
Starting : Semyon Varlamov
Backup : Jhonas Enroth
Extra Forwards
Normal : Vojtech Polak, Derek Dorsett, Steven Reinprecht - PP : Vojtech Polak, Derek Dorsett - PK : Steven Reinprecht
Extra Defensemen
Normal : Steven Kampfer, Jonathan Paiement, Tim Ramholt - PP : Steven Kampfer - PK : Jonathan Paiement, Tim Ramholt
Penalty Shots
Max Pacioretty, Ville Leino, Kyle Turris, Jordan Caron, Steven Reinprecht
% Time on Ice - Gangsters
Lines # - Real PCT - Wanted PCT - Time Play
Normal Forward
1 - 34% - 40% - 14:14
2 - 26% - 30% - 11:07
3 - 24% - 20% - 10:08
4 - 16% - 10% - 6:46
Normal Defense
1 - 42% - 40% - 17:47
2 - 30% - 30% - 12:33
3 - 24% - 20% - 10:00
4 - 5% - 10% - 1:55
PP Forward
1 - 56% - 60% - 5:07
2 - 44% - 40% - 4:01
PP Defense
1 - 66% - 60% - 6:01
2 - 34% - 40% - 3:07
PK Forward
1 - 83% - 60% - 4:24
2 - 17% - 40% - 0:55
PK Defense
1 - 56% - 60% - 3:00
2 - 44% - 40% - 2:19
PK3 Forward
1 - 64% - 60% - 1:04
2 - 36% - 40% - 0:36
PK3 Defense
1 - 69% - 60% - 1:09
2 - 31% - 40% - 0:31
44 Forward
1 - 79% - 60% - 1:25
2 - 21% - 40% - 0:23
44 Defense
1 - 69% - 60% - 1:15
2 - 31% - 40% - 0:33
Last Minute Offensive - 0:00
Last Minute Defensive - 0:00
Total
Forward - 60:10
Defense - 60:10
|
% Time on Ice - Sewer Rats
Lines # - Real PCT - Wanted PCT - Time Play
Normal Forward
1 - 31% - 40% - 13:00
2 - 28% - 30% - 11:53
3 - 22% - 20% - 9:17
4 - 19% - 10% - 8:05
Normal Defense
1 - 42% - 40% - 17:51
2 - 31% - 30% - 13:00
3 - 17% - 20% - 7:23
4 - 10% - 10% - 4:01
PP Forward
1 - 61% - 60% - 4:17
2 - 39% - 40% - 2:42
PP Defense
1 - 61% - 60% - 4:17
2 - 39% - 40% - 2:42
PK Forward
1 - 72% - 60% - 6:36
2 - 28% - 40% - 2:32
PK Defense
1 - 59% - 60% - 5:26
2 - 41% - 40% - 3:42
PK3 Forward
1 - 0% - 60%
2 - 0% - 40%
PK3 Defense
1 - 0% - 60%
2 - 0% - 40%
44 Forward
1 - 82% - 60% - 1:29
2 - 18% - 40% - 0:19
44 Defense
1 - 71% - 60% - 1:17
2 - 29% - 40% - 0:31
Last Minute Offensive - 0:00
Last Minute Defensive - 0:00
Total
Forward - 60:10
Defense - 60:10
|
Play by Play
1st period
0:01 of 1st period - Nick Palmieri wins face-off versus Alexandre Bolduc in neutral zone.
0:11 of 1st period - Icing by Ville Koistinen.
0:12 of 1st period - Ville Leino wins face-off versus Alexandre Bolduc in Gangsters zone.
0:15 of 1st period - Snap shot by Mark Mancari.
0:15 of 1st period - Stopped by David LeNeveu with a rebound.
0:57 of 1st period - Snap shot by Igor Radulov.
0:57 of 1st period - Stopped by Semyon Varlamov without a rebound.
0:58 of 1st period - Steven Reinprecht wins face-off versus Artem Anisimov in Sewer Rats zone.
1:24 of 1st period - Mikko Lehtonen is hit by Nick Palmieri and loses puck.
1:37 of 1st period - Tim Ramholt is hit by Chris Bourque.
1:41 of 1st period - Chris Bourque is hit by Kyle Turris and loses puck.
2:00 of 1st period - Snap shot by Max Pacioretty.
2:00 of 1st period - Stopped by David LeNeveu without a rebound.
2:01 of 1st period - Evan Brophey wins face-off versus Artem Anisimov in Gangsters zone.
2:04 of 1st period - Snap shot by Patrick Bordeleau.
2:04 of 1st period - Shot Misses the Net.
2:06 of 1st period - Wrist shot by Patrick Bordeleau.
2:06 of 1st period - Stopped by David LeNeveu without a rebound.
2:07 of 1st period - Artem Anisimov wins face-off versus Evan Brophey in Gangsters zone.
2:18 of 1st period - Snap shot by Jaroslav Balastik.
2:18 of 1st period - Deflect By Ryan Jones.
2:18 of 1st period - Shot Misses the Net.
2:18 of 1st period - Puck is out of play.
2:19 of 1st period - Ben Holmstrom wins face-off versus Steven Reinprecht in Sewer Rats zone.
2:20 of 1st period - Slapshot by Dave Dziurzynski.
2:20 of 1st period - Stopped by Semyon Varlamov with a rebound.
2:22 of 1st period - Slapshot by Bryan Young.
2:22 of 1st period - Deflect By Ben Holmstrom.
2:22 of 1st period - Shot Misses the Net.
2:22 of 1st period - Puck is out of play.
2:23 of 1st period - Steven Reinprecht wins face-off versus Ben Holmstrom in Sewer Rats zone.
2:28 of 1st period - Snap shot by Steven Reinprecht.
2:28 of 1st period - Stopped by David LeNeveu with a rebound.
3:18 of 1st period - Wrist shot by Ville Leino.
3:18 of 1st period - Stopped by David LeNeveu with a rebound.
4:12 of 1st period - Ryan Keller is hit by Max Pacioretty and loses puck.
4:39 of 1st period - Ville Leino is hit by Ben Holmstrom and loses puck.
5:11 of 1st period - Snap shot by Ville Leino.
5:11 of 1st period - Shot Blocked by Dave Dziurzynski.
5:13 of 1st period - Slapshot by Mattias Ekholm.
5:13 of 1st period - Stopped by David LeNeveu with a rebound.
5:15 of 1st period - Snap shot by Lars Eller.
5:15 of 1st period - Stopped by David LeNeveu with a rebound.
5:17 of 1st period - Wrist shot by Jonathan Paiement.
5:17 of 1st period - Stopped by David LeNeveu with a rebound.
5:19 of 1st period - Wrist shot by Jonathan Paiement.
5:19 of 1st period - Stopped by David LeNeveu without a rebound.
5:20 of 1st period - Alexandre Bolduc wins face-off versus Kyle Turris in Gangsters zone.
5:20 of 1st period - Alexandre Bolduc is hit by Max Pacioretty.
5:30 of 1st period - Wrist shot by Nick Palmieri.
5:30 of 1st period - Shot Misses the Net.
5:32 of 1st period - Wrist shot by Nick Palmieri.
5:32 of 1st period - Stopped by David LeNeveu with a rebound.
5:34 of 1st period - Snap shot by Nick Palmieri.
5:34 of 1st period - Shot Blocked by Alexandre Bolduc.
5:36 of 1st period - Slapshot by Max Pacioretty.
5:36 of 1st period - Stopped by David LeNeveu with a rebound.
6:10 of 1st period - Snap shot by John-Michael Liles.
6:10 of 1st period - Shot Blocked by Ville Koistinen.
6:12 of 1st period - Snap shot by John-Michael Liles.
6:12 of 1st period - Shot Misses the Net.
6:51 of 1st period - Artem Anisimov is hit by Kyle Quincey and loses puck.
7:32 of 1st period - Snap shot by Ben Holmstrom.
7:32 of 1st period - Deflect By Dave Dziurzynski.
7:32 of 1st period - Shot Misses the Net.
7:32 of 1st period - Puck is out of play.
7:33 of 1st period - Alexandre Bolduc wins face-off versus Kyle Turris in Sewer Rats zone.
7:55 of 1st period - Icing by Matt Lashoff.
7:56 of 1st period - Maxime Sauvé wins face-off versus Lars Eller in Sewer Rats zone.
8:05 of 1st period - Wrist shot by Chris Bourque.
8:05 of 1st period - Shot Misses the Net.
8:27 of 1st period - Snap shot by Max Pacioretty.
8:27 of 1st period - Shot Blocked by Matt Delahey.
8:31 of 1st period - Snap shot by Max Pacioretty.
8:31 of 1st period - Shot Misses the Net.
8:47 of 1st period - Backhand shot by Ryan Jones.
8:47 of 1st period - Shot Blocked by Tim Ramholt.
9:32 of 1st period - Off-side.
9:33 of 1st period - Kyle Turris wins face-off versus Maxime Sauvé in neutral zone.
10:04 of 1st period - Icing by Matt Lashoff.
10:05 of 1st period - Alexandre Bolduc wins face-off versus Lars Eller in Sewer Rats zone.
10:40 of 1st period - Snap shot by Max Pacioretty.
10:40 of 1st period - Stopped by David LeNeveu with a rebound.
10:59 of 1st period - Slapshot by John-Michael Liles.
10:59 of 1st period - Stopped by David LeNeveu with a rebound.
11:30 of 1st period - Ville Leino is hit by Ryan Keller and loses puck.
11:51 of 1st period - Steven Kampfer is hit by Ryan Jones and loses puck.
12:18 of 1st period - Slapshot by Maxime Sauvé.
12:18 of 1st period - Shot Blocked by Kyle Quincey.
12:20 of 1st period - Snap shot by Chris Bourque.
12:20 of 1st period - Shot Misses the Net.
12:34 of 1st period - Snap shot by Jordan Caron.
12:34 of 1st period - Stopped by David LeNeveu without a rebound.
12:34 of 1st period - Minor Penalty to Mattias Ekholm for Holding.
12:35 of 1st period - Alexandre Bolduc wins face-off versus Steven Reinprecht in Sewer Rats zone.
12:46 of 1st period - Snap shot by Igor Radulov.
12:46 of 1st period - Stopped by Semyon Varlamov with a rebound.
12:50 of 1st period - Snap shot by Ryan Keller.
12:50 of 1st period - Stopped by Semyon Varlamov with a rebound.
13:00 of 1st period - Steven Reinprecht is hit by Bryan Young.
13:22 of 1st period - Igor Radulov is hit by Vojtech Polak and loses puck.
14:03 of 1st period - Icing by Ville Koistinen.
14:04 of 1st period - Kyle Turris wins face-off versus Ryan Jones in Gangsters zone.
14:11 of 1st period - Snap shot by Max Pacioretty.
14:11 of 1st period - Stopped by David LeNeveu without a rebound.
14:12 of 1st period - Steven Reinprecht wins face-off versus Alexandre Bolduc in Gangsters zone.
14:21 of 1st period - Snap shot by Ryan Keller.
14:21 of 1st period - Goal by Ryan Keller - Gangsters : 1 - Sewer Rats : 0.
14:22 of 1st period - Kyle Turris wins face-off versus Alexandre Bolduc in neutral zone.
14:25 of 1st period - Wrist shot by Nick Palmieri.
14:25 of 1st period - Stopped by David LeNeveu with a rebound.
14:56 of 1st period - Wrist shot by Jaroslav Balastik.
14:56 of 1st period - Stopped by Semyon Varlamov with a rebound.
14:58 of 1st period - Snap shot by Jaroslav Balastik.
14:58 of 1st period - Stopped by Semyon Varlamov with a rebound.
16:15 of 1st period - Snap shot by Alexandre Bolduc.
16:15 of 1st period - Shot Misses the Net.
16:17 of 1st period - Snap shot by Alexandre Bolduc.
16:17 of 1st period - Shot Blocked by John-Michael Liles.
16:29 of 1st period - Wrist shot by Chris Bourque.
16:29 of 1st period - Shot Misses the Net.
16:31 of 1st period - Slapshot by Ville Koistinen.
16:31 of 1st period - Shot Blocked by John-Michael Liles.
16:33 of 1st period - Snap shot by Bryan Young.
16:33 of 1st period - Shot Misses the Net.
16:35 of 1st period - Wrist shot by Ville Koistinen.
16:35 of 1st period - Deflect By Ville Leino.
16:35 of 1st period - Stopped by Semyon Varlamov without a rebound.
16:36 of 1st period - Maxime Sauvé wins face-off versus Kyle Turris in Sewer Rats zone.
17:03 of 1st period - Icing by Nick Palmieri.
17:04 of 1st period - Alexandre Bolduc wins face-off versus Max Pacioretty in Sewer Rats zone.
17:07 of 1st period - Snap shot by Igor Radulov.
17:07 of 1st period - Stopped by Semyon Varlamov with a rebound.
18:12 of 1st period - Snap shot by Max Pacioretty.
18:12 of 1st period - Stopped by David LeNeveu without a rebound.
18:13 of 1st period - Lars Eller wins face-off versus Artem Anisimov in Gangsters zone.
18:39 of 1st period - Minor Penalty to John-Michael Liles for Hooking.
18:40 of 1st period - Ryan Jones wins face-off versus Steven Reinprecht in Sewer Rats zone.
18:47 of 1st period - Slapshot by Ryan Jones.
18:47 of 1st period - Shot Blocked by Ville Leino.
18:49 of 1st period - Slapshot by Bryan Young.
18:49 of 1st period - Shot Blocked by Tim Ramholt.
18:51 of 1st period - Slapshot by Jaroslav Balastik.
18:51 of 1st period - Shot Misses the Net.
18:53 of 1st period - Slapshot by Jaroslav Balastik.
18:53 of 1st period - Stopped by Semyon Varlamov with a rebound.
18:55 of 1st period - Snap shot by Jaroslav Balastik.
18:55 of 1st period - Stopped by Semyon Varlamov with a rebound.
Goals for this period are 1 for Gangsters vs 0 for Sewer Rats.
Shots for this period are 11 for Gangsters vs 17 for Sewer Rats.
2nd period
0:01 of 2nd period - Steven Reinprecht wins face-off versus Alexandre Bolduc in neutral zone.
0:14 of 2nd period - Wrist shot by Igor Radulov.
0:14 of 2nd period - Shot Misses the Net.
0:27 of 2nd period - Icing by Ville Koistinen.
0:28 of 2nd period - Artem Anisimov wins face-off versus Lars Eller in Gangsters zone.
0:39 of 2nd period - Penalty to John-Michael Liles is over, John-Michael Liles is back on ice.
1:03 of 2nd period - Wrist shot by Jaroslav Balastik.
1:03 of 2nd period - Stopped by Semyon Varlamov without a rebound.
1:04 of 2nd period - Kyle Turris wins face-off versus Alexandre Bolduc in Sewer Rats zone.
1:04 of 2nd period - Kyle Turris is hit by Matt Delahey.
1:12 of 2nd period - Wrist shot by Max Pacioretty.
1:12 of 2nd period - Shot Blocked by Shaun Heska.
1:14 of 2nd period - Slapshot by Kyle Turris.
1:14 of 2nd period - Stopped by David LeNeveu without a rebound.
1:15 of 2nd period - Kyle Turris wins face-off versus Alexandre Bolduc in Gangsters zone.
1:19 of 2nd period - Snap shot by Max Pacioretty.
1:19 of 2nd period - Stopped by David LeNeveu with a rebound.
1:21 of 2nd period - Snap shot by Kyle Turris.
1:21 of 2nd period - Shot Hit the Post.
1:23 of 2nd period - Wrist shot by Kyle Turris.
1:23 of 2nd period - Stopped by David LeNeveu with a rebound.
1:25 of 2nd period - Wrist shot by Nick Palmieri.
1:25 of 2nd period - Goal by Nick Palmieri - Gangsters : 1 - Sewer Rats : 1.
1:26 of 2nd period - Alexandre Bolduc wins face-off versus Nick Palmieri in neutral zone.
1:39 of 2nd period - Snap shot by Alexandre Bolduc.
1:39 of 2nd period - Goal by Alexandre Bolduc - Gangsters : 2 - Sewer Rats : 1.
1:40 of 2nd period - Max Pacioretty wins face-off versus Alexandre Bolduc in neutral zone.
2:16 of 2nd period - Snap shot by Igor Radulov.
2:16 of 2nd period - Stopped by Semyon Varlamov with a rebound.
2:18 of 2nd period - Slapshot by Bryan Young.
2:18 of 2nd period - Deflect By Alexandre Bolduc.
2:18 of 2nd period - Stopped by Semyon Varlamov without a rebound.
2:19 of 2nd period - Artem Anisimov wins face-off versus Kyle Turris in Sewer Rats zone.
2:22 of 2nd period - Snap shot by Jaroslav Balastik.
2:22 of 2nd period - Shot Misses the Net.
2:44 of 2nd period - Chris Bourque is hit by Steven Reinprecht and loses puck.
4:12 of 2nd period - Wrist shot by Vojtech Polak.
4:12 of 2nd period - Stopped by David LeNeveu without a rebound.
4:13 of 2nd period - Artem Anisimov wins face-off versus Lars Eller in Gangsters zone.
4:17 of 2nd period - Off-side.
4:18 of 2nd period - Artem Anisimov wins face-off versus Lars Eller in neutral zone.
5:34 of 2nd period - Minor Penalty to Ben Holmstrom for Slashing.
5:35 of 2nd period - Igor Radulov wins face-off versus Max Pacioretty in Gangsters zone.
5:35 of 2nd period - Igor Radulov is hit by Max Pacioretty.
5:55 of 2nd period - Minor Penalty to Steven Reinprecht for Tripping.
5:56 of 2nd period - Igor Radulov wins face-off versus Max Pacioretty in Sewer Rats zone.
6:38 of 2nd period - Snap shot by Mark Mancari.
6:38 of 2nd period - Stopped by David LeNeveu with a rebound.
6:40 of 2nd period - Slapshot by Mark Mancari.
6:40 of 2nd period - Shot Misses the Net.
6:42 of 2nd period - Snap shot by Mark Mancari.
6:42 of 2nd period - Shot Misses the Net.
7:10 of 2nd period - Slapshot by Derek Dorsett.
7:10 of 2nd period - Stopped by David LeNeveu with a rebound.
7:34 of 2nd period - Penalty to Ben Holmstrom is over, Ben Holmstrom is back on ice.
7:38 of 2nd period - Jaroslav Balastik is hit by Kyle Turris and loses puck.
7:55 of 2nd period - Penalty to Steven Reinprecht is over, Steven Reinprecht is back on ice.
8:12 of 2nd period - Icing by Tim Ramholt.
8:13 of 2nd period - Maxime Sauvé wins face-off versus Evan Brophey in Sewer Rats zone.
8:21 of 2nd period - Minor Penalty to Jordan Caron for Hooking.
8:22 of 2nd period - Steven Reinprecht wins face-off versus Alexandre Bolduc in Sewer Rats zone.
9:14 of 2nd period - Off-side.
9:15 of 2nd period - Steven Reinprecht wins face-off versus Alexandre Bolduc in neutral zone.
10:21 of 2nd period - Penalty to Jordan Caron is over, Jordan Caron is back on ice.
10:31 of 2nd period - Evan Brophey is hit by Maxime Sauvé and loses puck.
11:15 of 2nd period - Minor Penalty to Michael Sdao for Interference.
11:16 of 2nd period - Steven Reinprecht wins face-off versus Igor Radulov in Gangsters zone.
11:21 of 2nd period - Wrist shot by Max Pacioretty.
11:21 of 2nd period - Stopped by David LeNeveu without a rebound.
11:22 of 2nd period - Igor Radulov wins face-off versus Steven Reinprecht in Gangsters zone.
11:33 of 2nd period - Backhand shot by Tim Ramholt.
11:33 of 2nd period - Stopped by David LeNeveu with a rebound.
11:35 of 2nd period - Slapshot by Tim Ramholt.
11:35 of 2nd period - Stopped by David LeNeveu with a rebound.
11:37 of 2nd period - Wrist shot by Steven Reinprecht.
11:37 of 2nd period - Goal by Steven Reinprecht - Gangsters : 2 - Sewer Rats : 2.
11:38 of 2nd period - Ryan Keller wins face-off versus Kyle Turris in neutral zone.
11:53 of 2nd period - Snap shot by Max Pacioretty.
11:53 of 2nd period - Deflect By Kyle Turris.
11:53 of 2nd period - Shot Blocked by Bryan Young.
11:53 of 2nd period - Puck is out of play.
11:54 of 2nd period - Artem Anisimov wins face-off versus Lars Eller in Gangsters zone.
12:28 of 2nd period - Minor Penalty to Kyle Turris for Interference.
12:29 of 2nd period - Steven Reinprecht wins face-off versus Alexandre Bolduc in Sewer Rats zone.
12:29 of 2nd period - Steven Reinprecht is hit by Igor Radulov.
12:41 of 2nd period - Snap shot by Ryan Keller.
12:41 of 2nd period - Shot Misses the Net.
13:46 of 2nd period - Wrist shot by Max Pacioretty.
13:46 of 2nd period - Shot Blocked by Matt Delahey.
14:28 of 2nd period - Penalty to Kyle Turris is over, Kyle Turris is back on ice.
15:23 of 2nd period - Shaun Heska is hit by Lars Eller and loses puck.
15:42 of 2nd period - Snap shot by Matt Lashoff.
15:42 of 2nd period - Deflect By Evan Brophey.
15:42 of 2nd period - Stopped by David LeNeveu without a rebound.
15:43 of 2nd period - Alexandre Bolduc wins face-off versus Patrick Bordeleau in Gangsters zone.
15:54 of 2nd period - Wrist shot by Evan Brophey.
15:54 of 2nd period - Goal by Evan Brophey - Gangsters : 2 - Sewer Rats : 3.
15:55 of 2nd period - Kyle Turris wins face-off versus Alexandre Bolduc in neutral zone.
17:51 of 2nd period - Slapshot by Ville Koistinen.
17:51 of 2nd period - Shot Misses the Net.
17:53 of 2nd period - Slapshot by Ville Koistinen.
17:53 of 2nd period - Stopped by Semyon Varlamov with a rebound.
17:55 of 2nd period - Snap shot by Artem Anisimov.
17:55 of 2nd period - Goal by Artem Anisimov - Gangsters : 3 - Sewer Rats : 3.
17:56 of 2nd period - Alexandre Bolduc wins face-off versus Kyle Turris in neutral zone.
18:01 of 2nd period - Snap shot by Ville Koistinen.
18:01 of 2nd period - Shot Misses the Net.
18:23 of 2nd period - Mark Mancari is hit by Ville Koistinen and loses puck.
18:28 of 2nd period - Wrist shot by Jaroslav Balastik.
18:28 of 2nd period - Shot Blocked by Matt Lashoff.
18:30 of 2nd period - Wrist shot by Ryan Jones.
18:30 of 2nd period - Stopped by Semyon Varlamov with a rebound.
18:45 of 2nd period - Off-side.
18:46 of 2nd period - Maxime Sauvé wins face-off versus Steven Reinprecht in neutral zone.
18:48 of 2nd period - Off-side.
18:49 of 2nd period - Steven Reinprecht wins face-off versus Alexandre Bolduc in neutral zone.
19:05 of 2nd period - Snap shot by Ryan Keller.
19:05 of 2nd period - Shot Misses the Net.
19:11 of 2nd period - Minor Penalty to Vojtech Polak for Tripping.
19:12 of 2nd period - Steven Reinprecht wins face-off versus Alexandre Bolduc in Sewer Rats zone.
19:48 of 2nd period - Wrist shot by Jaroslav Balastik.
19:48 of 2nd period - Stopped by Semyon Varlamov with a rebound.
Goals for this period are 2 for Gangsters vs 3 for Sewer Rats.
Shots for this period are 8 for Gangsters vs 13 for Sewer Rats.
3rd period
0:01 of 3rd period - Steven Reinprecht wins face-off versus Ryan Keller in neutral zone.
0:14 of 3rd period - Wrist shot by Igor Radulov.
0:14 of 3rd period - Goal by Igor Radulov - Gangsters : 4 - Sewer Rats : 3.
0:15 of 3rd period - Kyle Turris wins face-off versus Alexandre Bolduc in neutral zone.
0:30 of 3rd period - Wrist shot by Kyle Turris.
0:30 of 3rd period - Deflect By Max Pacioretty.
0:30 of 3rd period - Shot Blocked by Ville Koistinen.
0:30 of 3rd period - Puck is out of play.
0:31 of 3rd period - Lars Eller wins face-off versus Artem Anisimov in Gangsters zone.
0:40 of 3rd period - Snap shot by Ville Leino.
0:40 of 3rd period - Stopped by David LeNeveu with a rebound.
0:42 of 3rd period - Slapshot by John-Michael Liles.
0:42 of 3rd period - Stopped by David LeNeveu with a rebound.
0:44 of 3rd period - Slapshot by Tim Ramholt.
0:44 of 3rd period - Stopped by David LeNeveu with a rebound.
0:46 of 3rd period - Slapshot by Ville Leino.
0:46 of 3rd period - Stopped by David LeNeveu without a rebound.
0:47 of 3rd period - Alexandre Bolduc wins face-off versus Kyle Turris in Gangsters zone.
0:54 of 3rd period - Kyle Turris is hit by Igor Radulov and loses puck.
1:01 of 3rd period - Slapshot by Tim Ramholt.
1:01 of 3rd period - Deflect By Max Pacioretty.
1:01 of 3rd period - Shot Blocked by Ville Koistinen.
1:01 of 3rd period - Puck is out of play.
1:02 of 3rd period - Lars Eller wins face-off versus Artem Anisimov in Gangsters zone.
1:05 of 3rd period - Wrist shot by Lars Eller.
1:05 of 3rd period - Shot Blocked by Ville Koistinen.
1:07 of 3rd period - Snap shot by Mark Mancari.
1:07 of 3rd period - Deflect By Ville Koistinen.
1:07 of 3rd period - Shot Misses the Net.
1:07 of 3rd period - Puck is out of play.
1:08 of 3rd period - Lars Eller wins face-off versus Ryan Jones in Gangsters zone.
1:13 of 3rd period - Backhand shot by Mark Mancari.
1:13 of 3rd period - Shot Blocked by Ville Koistinen.
1:15 of 3rd period - Slapshot by Lars Eller.
1:15 of 3rd period - Stopped by David LeNeveu with a rebound.
1:17 of 3rd period - Snap shot by Lars Eller.
1:17 of 3rd period - Stopped by David LeNeveu with a rebound.
1:19 of 3rd period - Slapshot by Lars Eller.
1:19 of 3rd period - Stopped by David LeNeveu with a rebound.
1:21 of 3rd period - Snap shot by Matt Lashoff.
1:21 of 3rd period - Stopped by David LeNeveu with a rebound.
1:23 of 3rd period - Slapshot by Matt Lashoff.
1:23 of 3rd period - Stopped by David LeNeveu with a rebound.
1:57 of 3rd period - Slapshot by Tim Ramholt.
1:57 of 3rd period - Stopped by David LeNeveu with a rebound.
2:11 of 3rd period - Wrist shot by Jaroslav Balastik.
2:11 of 3rd period - Stopped by Semyon Varlamov with a rebound.
2:15 of 3rd period - Snap shot by Jaroslav Balastik.
2:15 of 3rd period - Shot Blocked by Tim Ramholt.
2:17 of 3rd period - Backhand shot by Artem Anisimov.
2:17 of 3rd period - Stopped by Semyon Varlamov without a rebound.
2:18 of 3rd period - Alexandre Bolduc wins face-off versus Kyle Turris in Sewer Rats zone.
2:21 of 3rd period - Snap shot by Alexandre Bolduc.
2:21 of 3rd period - Stopped by Semyon Varlamov with a rebound.
3:28 of 3rd period - Snap shot by Alexandre Bolduc.
3:28 of 3rd period - Shot Hit the Post.
3:49 of 3rd period - Minor Penalty to Chris Bourque for Holding.
3:50 of 3rd period - Igor Radulov wins face-off versus Steven Reinprecht in Gangsters zone.
4:08 of 3rd period - Minor Penalty to Jaroslav Balastik for Roughing.
4:09 of 3rd period - Steven Reinprecht wins face-off versus Igor Radulov in Gangsters zone.
4:35 of 3rd period - Igor Radulov is hit by Tim Ramholt and loses puck.
5:49 of 3rd period - Penalty to Chris Bourque is over, Chris Bourque is back on ice.
6:00 of 3rd period - Bryan Young is hit by John-Michael Liles and loses puck.
6:08 of 3rd period - Penalty to Jaroslav Balastik is over, Jaroslav Balastik is back on ice.
6:23 of 3rd period - Slapshot by Ville Koistinen.
6:23 of 3rd period - Shot Misses the Net.
6:33 of 3rd period - John-Michael Liles is hit by Ryan Keller and loses puck.
7:02 of 3rd period - Minor Penalty to Maxime Sauvé for Goalie Interference.
7:03 of 3rd period - Max Pacioretty wins face-off versus Igor Radulov in Gangsters zone.
7:39 of 3rd period - Ville Koistinen is hit by Kyle Turris and loses puck.
9:02 of 3rd period - Penalty to Maxime Sauvé is over, Maxime Sauvé is back on ice.
9:24 of 3rd period - Jonathan Paiement is hit by Maxime Sauvé and loses puck.
9:55 of 3rd period - Slapshot by John Erskine.
9:55 of 3rd period - Shot Blocked by Igor Radulov.
11:19 of 3rd period - Snap shot by Ryan Jones.
11:19 of 3rd period - Stopped by Semyon Varlamov with a rebound.
11:21 of 3rd period - Wrist shot by Ryan Jones.
11:21 of 3rd period - Stopped by Semyon Varlamov without a rebound.
11:22 of 3rd period - Lars Eller wins face-off versus Chris Bourque in Sewer Rats zone.
11:22 of 3rd period - Lars Eller is hit by Chris Bourque.
11:42 of 3rd period - Shaun Heska is hit by Patrick Bordeleau and loses puck.
12:29 of 3rd period - Wrist shot by Artem Anisimov.
12:29 of 3rd period - Shot Misses the Net.
12:39 of 3rd period - Snap shot by Dave Dziurzynski.
12:39 of 3rd period - Shot Blocked by John Erskine.
12:40 of 3rd period - Minor Penalty to Matt Delahey for Hooking.
12:41 of 3rd period - Steven Reinprecht wins face-off versus Igor Radulov in Gangsters zone.
12:45 of 3rd period - Snap shot by Steven Reinprecht.
12:45 of 3rd period - Shot Misses the Net.
14:11 of 3rd period - Kyle Turris is hit by Ville Koistinen and loses puck.
14:40 of 3rd period - Penalty to Matt Delahey is over, Matt Delahey is back on ice.
14:47 of 3rd period - Dave Dziurzynski is hit by Kyle Turris and loses puck.
15:22 of 3rd period - Kyle Quincey is hit by Matt Delahey and loses puck.
15:39 of 3rd period - Kyle Quincey is hit by Ryan Jones and loses puck.
15:44 of 3rd period - Snap shot by Jaroslav Balastik.
15:44 of 3rd period - Stopped by Semyon Varlamov without a rebound.
15:45 of 3rd period - Kyle Turris wins face-off versus Alexandre Bolduc in Sewer Rats zone.
16:06 of 3rd period - Steven Kampfer is hit by Mikko Lehtonen and loses puck.
16:23 of 3rd period - John-Michael Liles is hit by Bryan Young and loses puck.
16:28 of 3rd period - Snap shot by Jaroslav Balastik.
16:28 of 3rd period - Stopped by Semyon Varlamov with a rebound.
16:48 of 3rd period - Nick Palmieri is hit by Matt Delahey and loses puck.
17:31 of 3rd period - Snap shot by Ville Leino.
17:31 of 3rd period - Shot Blocked by Brett Ponich.
17:31 of 3rd period - Brett Ponich from Gangsters is injured at 17:31 of 3rd period (Bruised Left Arm).
17:32 of 3rd period - Steven Reinprecht wins face-off versus Maxime Sauvé in Gangsters zone.
17:39 of 3rd period - Wrist shot by Steven Reinprecht.
17:39 of 3rd period - Shot Misses the Net.
17:47 of 3rd period - John-Michael Liles is hit by Maxime Sauvé and loses puck.
18:10 of 3rd period - Wrist shot by Vojtech Polak.
18:10 of 3rd period - Goal by Vojtech Polak - Gangsters : 4 - Sewer Rats : 4.
18:11 of 3rd period - Kyle Turris wins face-off versus Maxime Sauvé in neutral zone.
18:36 of 3rd period - Ville Koistinen is hit by John-Michael Liles and loses puck.
18:57 of 3rd period - Slapshot by Ryan Keller.
18:57 of 3rd period - Stopped by Semyon Varlamov with a rebound.
18:59 of 3rd period - Wrist shot by Jaroslav Balastik.
18:59 of 3rd period - Shot Blocked by Matt Lashoff.
19:01 of 3rd period - Snap shot by Artem Anisimov.
19:01 of 3rd period - Shot Misses the Net.
19:03 of 3rd period - Slapshot by Ville Koistinen.
19:03 of 3rd period - Deflect By Ville Leino.
19:03 of 3rd period - Stopped by Semyon Varlamov with a rebound.
19:05 of 3rd period - Snap shot by Artem Anisimov.
19:05 of 3rd period - Shot Blocked by Mark Mancari.
19:07 of 3rd period - Slapshot by Bryan Young.
19:07 of 3rd period - Shot Misses the Net.
19:09 of 3rd period - Wrist shot by Bryan Young.
19:09 of 3rd period - Stopped by Semyon Varlamov without a rebound.
19:10 of 3rd period - Steven Reinprecht wins face-off versus Maxime Sauvé in Sewer Rats zone.
19:19 of 3rd period - Shaun Heska is hit by Vojtech Polak and loses puck.
19:45 of 3rd period - Slapshot by Shaun Heska.
19:45 of 3rd period - Shot Misses the Net.
Goals for this period are 1 for Gangsters vs 1 for Sewer Rats.
Shots for this period are 11 for Gangsters vs 11 for Sewer Rats.
Overtime #1
0:01 of 1st overtime period - Max Pacioretty wins face-off versus Igor Radulov in neutral zone.
0:08 of 1st overtime period - Snap shot by Ville Leino.
0:08 of 1st overtime period - Shot Misses the Net.
0:10 of 1st overtime period - Slapshot by John Erskine.
0:10 of 1st overtime period - Goal by John Erskine - Gangsters : 4 - Sewer Rats : 5.
Goals for this period are 0 for Gangsters vs 1 for Sewer Rats.
Shots for this period are 0 for Gangsters vs 1 for Sewer Rats.
Output by the SimonT Hockey Simulator (STHS) for François Prévost -- Original Page W3C XHTML 1.0 Valid